 Dungeon Crawl Stone Soup version 0.29-a0-474-gdfe5cd140f (webtiles) character file.

Game seed: 17928445584526102529

223 Zeld the Bolt Thrower (level 6, 0/48 HPs)
             Began as a Barachi Hunter on May 23, 2022.
             Slain by a shadow imp (5 damage)
             ... summoned by Natasha
             ... on level 3 of the Dungeon.
             The game lasted 00:03:03 (1640 turns).

Zeld the Bolt Thrower (Barachi Hunter)              Turns: 1640, Time: 00:03:04

Health: 0/48       AC:  3    Str: 14    XL:     6   Next: 0%
Magic:  8/8        EV: 13    Int:  9    God:
Gold:   140        SH:  0    Dex: 16    Spells: 8/8 levels left

rFire   . . .      SeeInvis .   a - +1 hand crossbow
rCold   . . .      Faith    .   (no shield)
rNeg    . . .      Spirit   .   b - +0 leather armour
rPois   .          Reflect  .   (no helmet)
rElec   .          Harm     .   (no cloak)
rCorr   .          Rampage  .   (no gloves)
Will    .....                   (no boots)
Stlth   ++........              (no amulet)
HPRegen 0.16/turn               (no ring)
MPRegen 0.11/turn               (no ring)

@: unable to hop, slow
A: amphibious, slowness 1, strong legs 1, +LOS
a: Hop


You were on level 3 of the Dungeon.
You visited 1 branch of the dungeon, and saw 3 of its levels.

You collected 140 gold pieces.

Inventory:

Hand Weapons
 a - a +1 hand crossbow (weapon)
Armour
 b - a +0 leather armour (worn)
Scrolls
 c - a scroll of torment {unknown}
 e - 3 scrolls of identify {unknown}
 f - 2 scrolls of blinking {unknown}
 h - a scroll of amnesia {unknown}
 j - a scroll of enchant weapon {unknown}
 k - a scroll of fog {unknown}
 l - 3 scrolls of vulnerability {unknown}
Potions
 d - 2 potions of might {unknown}
 g - 2 potions of lignification {unknown}
 i - a potion of degeneration {unknown}


   Skills:
 + Level 3.7 Fighting
 * Level 5.1 Crossbows
 + Level 3.5 Dodging
 - Level 2.0 Stealth
 * Level 1.8 Spellcasting


You had 8 spell levels left.
You didn't know any spells.
Your spell library contained the following spells:

 Spells                   Type           Power      Damage    Failure   Level
 Inner Flame              Hex/Fire       0%         N/A       78%         3
 Cause Fear               Hex            0%         N/A       99%         4
 Discord                  Hex            0%         N/A       100%        8


Dungeon Overview and Level Annotations

Branches:
Dungeon (3/15)

Altars:

Annotations:
D:3 Natasha


Innate Abilities, Weirdness & Mutations

You are amphibious.
You cover ground slowly.
You can hop short distances.
You have an extended range of vision and can be seen from far away.


Message History

You are too injured to fight recklessly!
Shoot: a) +1 hand crossbow
Press: ? - help, Q - select action, (/) - cycle Shift-Dir - straight line, f/p - Natasha
Aim: Natasha, carrying a wand of flame (20) (heavily wounded, 59% to hit)
You shoot a bolt. The bolt closely misses Natasha.
Natasha mumbles some strange words.
Unknown command.
Shoot: a) +1 hand crossbow
Press: ? - help, Q - select action, (/) - cycle Shift-Dir - straight line, f/p - Natasha
Aim: Natasha, carrying a wand of flame (20) (heavily wounded, 59% to hit)
You shoot a bolt. The bolt hits Natasha.
Natasha is severely wounded.
Natasha zaps a wand.
The puff of flame hits you! The shadow imp hits you.
* * * LOW HITPOINT WARNING * * *
Shoot: a) +1 hand crossbow
Press: ? - help, Q - select action, (/) - cycle Shift-Dir - straight line, f/p - Natasha
Aim: Natasha, carrying a wand of flame (19) (severely wounded, 59% to hit)
You shoot a bolt. The bolt misses Natasha.
The shadow imp misses you.
Unknown command.
Unknown command.
Shoot: a) +1 hand crossbow
Press: ? - help, Q - select action, (/) - cycle Shift-Dir - straight line, f/p - Natasha
Aim: Natasha, carrying a wand of flame (19) (severely wounded, 59% to hit)
You shoot a bolt. The bolt closely misses Natasha.
Natasha mewls in sadness.
Natasha zaps a wand.
The puff of flame misses you.
The shadow imp hits you but does no damage.
Natasha closely misses you.
Unknown command.
Shoot: a) +1 hand crossbow
Press: ? - help, Q - select action, (/) - cycle Shift-Dir - straight line, f/p - Natasha
Aim: Natasha, carrying a wand of flame (18) (severely wounded, 59% to hit)
You shoot a bolt. The bolt barely misses Natasha.
The shadow imp gestures at you. Pain shoots through your body!
* * * LOW HITPOINT WARNING * * *
Natasha casts a spell.
The shadow imp hits you.
You die...

#.).).#'##......#.
###...#.##....).#.
#####'##(...#.).
#........###.
#.>......+...
#........##..
#######........##.#
#.5............##.
#.@h.....####.....
#...5....# #....#
#............ .....
#...######.......###
#... .......# #...
....... #... .......
#.). ....... ####


You could see Natasha, a white imp (summoned) and a shadow imp (summoned).

Vanquished Creatures
  An ogre (D:3)
  Jessica (D:2)
  An orc wizard (D:3)
  3 adders
  A worm (D:3)
  2 dart slugs
  3 orcs (D:3)
  3 ball pythons
  4 bats
  4 endoplasms (D:1)
  A giant cockroach (D:1)
  9 goblins (D:3)
  2 hobgoblins (D:2)
  2 jackals (D:1)
  3 quokkas (D:1)
  3 frilled lizards
  6 kobolds
  2 rats
51 creatures vanquished.

Notes
Turn   | Place    | Note
-------+----------+-------------------------------------------
     0 | D:1      | Zeld the Barachi Hunter began the quest for the Orb.
     0 | D:1      | Reached XP level 1. HP: 17/17 MP: 1/1
    96 | D:1      | Reached skill level 1 in Stealth
   226 | D:1      | Reached XP level 2. HP: 23/23 MP: 2/2
   743 | D:1      | Reached XP level 3. HP: 28/28 MP: 3/3
  1066 | D:2      | Noticed Jessica
  1068 | D:2      | Killed Jessica
  1069 | D:2      | Reached XP level 4. HP: 35/35 MP: 4/4
  1081 | D:2      | Found a faded altar of an unknown god.
  1081 | D:2      | Noticed a hell beast
  1344 | D:3      | Reached XP level 5. HP: 41/41 MP: 4/6
  1372 | D:3      | Reached skill level 1 in Spellcasting
  1429 | D:3      | Noticed an ogre
  1571 | D:3      | Killed an ogre
  1572 | D:3      | Reached skill level 5 in Crossbows
  1603 | D:3      | Reached XP level 6. HP: 48/48 MP: 8/8
  1627 | D:3      | Noticed Natasha
  1640 | D:3      | Slain by a shadow imp

Illustrated notes

Levels and vault maps discovered:
D:1:      minmay_arrival_loop, layout_basic, serial_co_window_serial,
          co_window_corner_a, co_window_of_opportunity_a, co_window_paths_b,
          co_window_corner_a, co_window_corner_a, co_window_paths_b,
          co_window_corner_a, co_window_of_opportunity_b, co_window_corner_b,
          co_window_paths_c, minmay_pentomino_s4
D:2:      layout_rooms, dreamdust_ecumenical_altar_sealed_demon,
          minmay_misc_feat_chi, uniq_jessica
D:3:      layout_basic, st_stairs_4, minmay_ogre_servants, uniq_natasha

Skill      XL: |  1  2  3  4  5 |
---------------+----------------+-----
Stealth        | 1 2 |  2.0
Fighting       | 3 |  3.7
Dodging        | 3 |  3.5
Spellcasting   | 1 |  1.8
Crossbows      | 5 |  5.1

Action                   |  1- 3 |  4- 6 || total
-------------------------+-------+-------++-------
 Fire: Hand crossbow     |    68 |    64 ||   132
 Abil: Hop               |       |     2 ||     2
Armor: Leather armour    |     2 |     3 ||     5
Dodge: Dodged            |    10 |    10 ||    20

Table legend: (Time is in decaauts)
 A = Elapsed time spent in this place.
 B = Non-inter-level travel time spent in this place.
 C = Inter-level travel time spent in this place.
 D = Time resting spent in this place.
 E = Time spent auto-exploring this place.
 F = Levels seen in this place.
 G = Mean time per level.
                   A        B        C        D        E       F      G
               +--------+--------+--------+--------+--------+-----+--------+
         Total |   1935 |   1827 |    108 |    131 |   1397 |   3 |  645.0 |
       Dungeon |   1935 |   1827 |    108 |    131 |   1397 |   3 |  645.0 |
               +--------+--------+--------+--------+--------+-----+--------+

Top non-repeatable levels by time:
     D:1: 1035 daAuts
     D:2: 479 daAuts
     D:3: 420 daAuts
